 Dungeon Crawl Stone Soup version 0.28.0-45-g0d030f2227 (webtiles) character file.

Game seed: 2223320512193628483

303 McKennaii the Skirmisher (level 6, -3/49 HPs)
             Began as a Demonspawn Fighter on Apr 7, 2022.
             Slain by Edmund
             ... wielding a +4 flail of protection
              (7 damage)
             ... on level 2 of the Dungeon.
             The game lasted 00:03:47 (3298 turns).

McKennaii the Skirmisher (Demonspawn Fighter)       Turns: 3298, Time: 00:03:47

Health: -3/49      AC: 10    Str: 18    XL:     6   Next: 15%
Magic:  6/6        EV:  9    Int:  9    God:
Gold:   206        SH:  5    Dex: 13    Spells: 5/5 levels left

rFire   . . .      SeeInvis +   e - +0 spear (flame)
rCold   . . .      Faith    .   c - +0 buckler
rNeg    . . .      Spirit   .   b - +0 scale mail
rPois   .          Reflect  .   i - +0 helmet
rElec   .          Harm     .   (no cloak)
rCorr   .          Rampage  .   (no gloves)
Will    .....                   (no boots)
Stlth   ..........              (no amulet)
HPRegen 0.16/turn               k - ring of see invisible
MPRegen 0.10/turn               (no ring)

@: no status effects
A: hooves 1, slimy green scales 1, demonic guardian 1, powered by death 1
a: no special abilities


You were on level 2 of the Dungeon.
You visited 1 branch of the dungeon, and saw 4 of its levels.

You collected 206 gold pieces.

Inventory:

Hand Weapons
 a - a +0 trident
 e - a +0 spear of flaming (weapon)
Armour
 b - a +0 scale mail (worn)
 c - a +0 buckler (worn)
 i - a +0 helmet (worn)
Jewellery
 k - a ring of see invisible (left hand)
 q - a ring of poison resistance
Wands
 h - a wand of flame (16)
Scrolls
 f - a scroll of magic mapping {unknown}
 g - a scroll of fear {unknown}
 j - 2 scrolls of identify {unknown}
 l - a scroll of enchant armour {unknown}
 p - a scroll of torment {unknown}
Potions
 d - a potion of might
 m - a potion of curing {unknown}
 n - 2 potions of brilliance {unknown}
 o - a potion of degeneration {unknown}


   Skills:
 + Level 4.3 Fighting
 + Level 3.2 Polearms
 + Level 3.9 Armour
 + Level 3.8 Shields


You had 5 spell levels left.
You didn't know any spells.
Your spell library contained the following spells:

 Spells                   Type           Power      Damage    Failure   Level
 Static Discharge         Conj/Air       0%         N/A       94%         2
 Ignite Poison            Fire/Tmut/Pois 0%         N/A       99%         3
 Mephitic Cloud           Conj/Pois/Air  0%         N/A       99%         3
 Dispel Undead            Necr           0%         3d6       100%        4
 Sticky Flame             Conj/Fire      0%         2d3       100%        4
 Freezing Cloud           Conj/Ice/Air   0%         6-21      100%        5


Dungeon Overview and Level Annotations

Branches:
Dungeon (4/15)
 Temple: D:4-7

Altars:
Cheibriados
Fedhas

Annotations:
D:2 Edmund
D:3 1 runed translucent door, Crazy Yiuf


Innate Abilities, Weirdness & Mutations

You have large cloven feet.
You are partially covered in slimy green scales. (AC +2)
A weak demonic guardian rushes to your aid.
You regenerate a little health from kills.


Message History

There is a stone staircase leading down here.
Edmund hits you with a +4 flail of protection.
Edmund says, "You wouldn't believe how much I paid for this flail."
Edmund says, "Everyone always remembers my brother. 'Who's Edmund?' they ask!"
Edmund says, "I'm quite good with sums, too."
Edmund grinds his teeth, and then sighs.
Edmund says, "Everyone always remembers my brother. 'Who's Edmund?' they ask!"
Edmund says, "What use are spells, anyway?"
Edmund says, "People think my brother is the best.
I think he's crazy."
Edmund hits you with a +4 flail of protection!
A demonic guardian appears!
You hit Edmund but do no damage. You kick Edmund, but do no damage.
Edmund hits you with a +4 flail of protection!
You closely miss Edmund.
Your iron imp barely misses Edmund.
Edmund hits you with a +4 flail of protection!
* * * LOW HITPOINT WARNING * * *
You closely miss Edmund.
Edmund hits you with a +4 flail of protection!
* * * LOW HITPOINT WARNING * * *
Your iron imp hits Edmund.
Edmund says, "I might not be good at magic, but I can still kill you!"
Your iron imp disappears in a puff of smoke!
Edmund gestures with his flail.
You hit Edmund. You burn Edmund. You kick Edmund, but do no damage.
Edmund is lightly wounded.
Edmund barely misses you.
You hit Edmund. You burn Edmund.
Edmund is moderately wounded.
Edmund hits you but does no damage.
You hit Edmund. You burn Edmund. You kick Edmund, but do no damage.
Edmund is moderately wounded.
You hit Edmund but do no damage. You kick Edmund, but do no damage.
Edmund is moderately wounded.
Edmund hits you with a +4 flail of protection!
* * * LOW HITPOINT WARNING * * *
A demonic guardian appears!
You hit Edmund. You burn Edmund. Your kick misses Edmund.
Edmund is heavily wounded.
Edmund hits you with a +4 flail of protection!
You die...

##...####..##....^...##
#..#............######
#.###...####..###
#########.##...## #.§.###
##.....##.....#..####§.8§.#
##..............#...§§§§§..#
#................####§§§§..# ##
#...............@# #.8.§§.#####.
#...............@####............
#.............5..##....##........
#................#####.....######
#..................#.......######
##.>.............................
##.....##......#.#####.....####.
#########.....#....#....8......
##########.#.8P....###8
#....8..#...#.


You could see Edmund (ally target) and a friendly ufetubus (summoned).

Vanquished Creatures
  A scorpion (D:4)
  2 orc priests (D:3)
  Natasha (thrice) (D:3)
  Robin (D:2)
  3 adders
  An adder skeleton (D:2)
  3 worms
  2 dart slugs
  4 orcs
  2 ball pythons (D:1)
  2 bats
  A bat skeleton (D:2)
  An endoplasm (D:4)
  A giant cockroach (D:4)
  10 goblins
  3 hobgoblins
  3 jackals (D:2)
  6 quokkas
  A ball python skeleton (D:2)
  A frilled lizard (D:2)
  A jackal zombie (D:2)
  4 kobolds
  5 rats
61 creatures vanquished.

Vanquished Creatures (others)
  5 withered plants (D:2)
5 creatures vanquished.

Grand Total: 66 creatures vanquished

Notes
Turn   | Place    | Note
-------+----------+-------------------------------------------
     0 | D:1      | McKennaii the Demonspawn Fighter began the quest for the
                  | Orb.
     0 | D:1      | Reached XP level 1. HP: 18/18 MP: 1/1
   216 | D:1      | Gained mutation: You are partially covered in slimy green
                  | scales. (AC +2) [demonic ancestry]
   216 | D:1      | Reached XP level 2. HP: 24/24 MP: 2/2
   892 | D:2      | Noticed Robin
   902 | D:2      | Killed Robin
   903 | D:2      | Gained mutation: You regenerate a little health from kills.
                  | [demonic ancestry]
   903 | D:2      | Reached XP level 3. HP: 19/29 MP: 3/3
  1521 | D:2      | Reached XP level 4. HP: 35/35 MP: 4/4
  1655 | D:3      | Found a faded altar of an unknown god.
  1786 | D:3      | Found a snail-covered altar of Cheibriados.
  1841 | D:3      | Found a runed translucent door.
  1842 | D:3      | Noticed Crazy Yiuf
  1891 | D:3      | Noticed Natasha
  1915 | D:3      | Killed Natasha
  1916 | D:3      | Gained mutation: You have large cloven feet. [demonic
                  | ancestry]
  1916 | D:3      | Reached XP level 5. HP: 20/42 MP: 5/5
  1943 | D:3      | Noticed Natasha
  1953 | D:3      | Killed Natasha
  1954 | D:3      | Reached skill level 4 in Fighting
  1985 | D:3      | Noticed Natasha
  1995 | D:3      | Killed Natasha
  2371 | D:3      | Found a blossoming altar of Fedhas.
  2797 | D:4      | Gained mutation: A weak demonic guardian rushes to your
                  | aid. [demonic ancestry]
  2797 | D:4      | Reached XP level 6. HP: 33/49 MP: 6/6
  2910 | D:4      | Noticed Edmund
  3298 | D:2      | Slain by Edmund

Illustrated notes

Levels and vault maps discovered:
D:1:      dpeg_arrival_simpleton_c, layout_basic, nrook_uturn,
          minmay_misc_feat_pillars, minmay_misc_feat_room
D:2:      layout_rooms, serial_undead, serial_undead_c, serial_undead_e,
          serial_undead_e, serial_undead_e, grunt_decor_one_mirror, uniq_robin
D:3:      layout_basic, slow_altar_2, fedhas_altar_fruit_tree,
          hellmonk_ecumenical_altar_zigzags, uniq_natasha,
          uniq_crazy_yiuf_cottage
D:4:      layout_layer_cave, uniq_menkaure, uniq_grinder, uniq_ijyb,
          uniq_edmund, uniq_eustachio, uniq_pikel

Skill      XL: |  1  2  3  4  5 |
---------------+----------------+-----
Polearms       | 2 3 |  3.2
Shields        | 3 |  3.8
Armour         | 3 |  3.9
Fighting       | 4 |  4.3

Action                   |  1- 3 |  4- 6 || total
-------------------------+-------+-------++-------
Melee: Spear             |   116 |   125 ||   241
       Trident           |     5 |       ||     5
       Kick              |       |    22 ||    22
Armor: Scale mail        |    30 |    25 ||    55
Dodge: Dodged            |    36 |    38 ||    74
Block: Buckler           |    18 |    28 ||    46
